 Dungeon Crawl Stone Soup version 0.30.2 (webtiles) character file.

Game seed: 9057908932022981472

371 lonewolfV2 the Covered (level 7, 0/58 HPs)
             Began as a Formicid Fighter on Jan 9, 2024.
             Was an Initiate of Qazlal.
             Slain by an orc priest
             ... wielding a +0 falchion
              (6 damage)
             ... on level 4 of the Dungeon on Feb 7, 2024.
             The game lasted 00:07:51 (3095 turns).

lonewolfV2 the Covered (Formicid Fighter)           Turns: 3095, Time: 00:07:54

Health: 0/58       AC:  8    Str: 20    XL:     7   Next: 2%
Magic:  7/7        EV:  9    Int:  8    God:    Qazlal [......]
Gold:   150        SH:  5    Dex: 15    Spells: 6/6 levels left

rFire   . . .        a - +1 war axe
rCold   . . .        c - +0 buckler
rNeg    . . .        b - +0 scale mail
rPois   .            (helmet unavailable)
rElec   .            (no cloak)
rCorr   .            m - +0 pair of gloves
SInv    +            (no boots)
Will    .....        (no amulet) Stlth
                     (no ring)
HPRegen 0.29/turn    (no ring)
MPRegen 0.10/turn

%: no passive effects
@: mighty
A: permanent stasis, dig shafts and tunnels, antennae 3, four strong arms
a: Dig, Shaft Self, Renounce Religion


You were on level 4 of the Dungeon.
You worshipped Qazlal.
Qazlal was noncommittal.
You visited 2 branches of the dungeon, and saw 5 of its levels.

You collected 150 gold pieces.

Inventory:

Hand Weapons
 a - a +1 war axe (weapon)
Armour
 b - a +0 scale mail (worn)
 c - a +0 buckler (worn)
 m - a +0 pair of gloves (worn)
Jewellery
 f - a ring of fire
Scrolls
 h - a scroll of enchant armour {unknown}
 l - a scroll of amnesia {unknown}
Potions
 e - a potion of cancellation {unknown}
 g - 3 potions of haste
 i - 2 potions of lignification
 k - a potion of attraction {unknown}


   Skills:
 + Level 6.1 Fighting
 - Level 2.0 Axes
 + Level 6.1 Armour
 - Level 4.0 Shields


You had 6 spell levels left.
You didn't know any spells.
Your spell library contained the following spells:

 Spells                   Type           Power      Damage    Failure   Level
 Magic Dart               Conj           0%         1d3       80%         1
 Call Imp                 Summ           0%         N/A       91%         2
 Static Discharge         Conj/Air       0%         2-2/arc   91%         2
 Mephitic Cloud           Conj/Pois/Air  0%         N/A       99%         3
 Airstrike                Air            0%         2d(0-16)  100%        4
 Summon Lightning Spire   Summ/Air       0%         N/A       100%        4


Dungeon Overview and Level Annotations

Branches:
Dungeon (4/15)             Temple (1/1) D:4

Altars:
Ashenzari
Cheibriados
Dithmenos
Elyvilon
Fedhas
Gozag
Kikubaaqudgha
Qazlal
Ru
Sif Muna
Trog
Vehumet
Wu Jian
Xom
Yredelemnul
The Shining One

Annotations:
D:1 1 transporter
Temple 2 transporters


Innate Abilities, Weirdness & Mutations

You cannot be hasted, slowed, berserked, paralysed or teleported.
You can dig through walls and to a lower floor.
You have a pair of large antennae on your head. (SInv)
Your four strong arms can wield two-handed weapons with a shield.


Message History

Qazlal accepts your kill.
The sleepcap releases spores at you but does no damage.
An orc wizard comes into view. It is wielding a +0 dagger.
The sleepcap releases spores at you.
You are engulfed in a cloud of soporific spores!
You fall asleep.
The sleepcap releases spores at you!
You wake up.
The orc priest hits you with a +0 falchion.
The sleepcap releases spores at you but does no damage.
An orc comes into view. It is wielding a +0 flail.
The orc priest hits you with a +0 falchion.
You barely miss the orc priest.
The orc shouts!
You slash the sleepcap!
You destroy the sleepcap!
Qazlal accepts your kill.
You hear a shout!
The orc priest hits you with a +0 falchion.
You hear a shout!
You have reached level 7!
You block the orc priest's attack.
You barely miss the orc priest.
The orc priest calls down the wrath of Beogh upon you.
Beogh smites you!
* * * LOW HITPOINT WARNING * * *
You feel better. You block the orc priest's attack.
You closely miss the orc wizard. You hit the orc priest.
The orc priest hits you but does no damage.
The orc wizard hits you but does no damage.
The orc priest mumbles some strange prayers to Beogh against you.
Pain shoots through your body!
* * * LOW HITPOINT WARNING * * *
The orc wizard closely misses you.
You feel better.
The orc priest hits you with a +0 falchion.
* * * LOW HITPOINT WARNING * * *
The orc wizard hits you but does no damage.
You feel very mighty all of a sudden.
The orc priest hits you with a +0 falchion.
You die...

..#######.#####.# #.###.###
..........# #.....###
..#######.#####.#####.#.#....
#.............#.#.##.
#######..####...........#
.........# #######.###
.######..# #(#
.........####### #.#
........oo@....# #.#
.###.###.o####.# #.# ## #.
#..# #.# #. # #..# #.# #.
#).# #.# #. #..# #.# #. ...#
#.# #. .:.# #.####. #......


You could see an orc priest, an orc wizard and an orc.

Vanquished Creatures
  A sky beast (D:3)
  A hound (D:4)
  An orc priest (D:4)
  Terence (D:2)
  A sleepcap (D:4)
  2 orc wizards (D:4)
  4 adders
  3 dart slugs
  8 orcs
  5 bats
  6 endoplasms
  4 giant cockroaches
  7 goblins
  7 hobgoblins
  5 quokkas
  9 ball pythons
  3 frilled lizards
  3 kobolds
  2 rats (D:1)
73 creatures vanquished.

Notes
Turn   | Place    | Note
-------+----------+-------------------------------------------
     0 | D:1      | lonewolfV2 the Formicid Fighter began the quest for the
                  | Orb.
     0 | D:1      | Reached XP level 1. HP: 18/18 MP: 1/1
   220 | D:1      | Reached XP level 2. HP: 12/24 MP: 2/2
   486 | D:1      | Upgraded the game from 0.30.1-11-g7821555f0a to 0.30.2
   691 | D:1      | Reached XP level 3. HP: 30/30 MP: 3/3
   853 | D:2      | Found a faded altar of an unknown god.
   862 | D:2      | Reached XP level 4. HP: 32/37 MP: 4/4
  1116 | D:2      | Noticed Terence
  1127 | D:2      | Killed Terence
  1381 | D:2      | Reached XP level 5. HP: 42/43 MP: 5/5
  1576 | D:3      | Noticed a sky beast
  1591 | D:3      | Killed a sky beast
  1592 | D:3      | Reached skill level 5 in Fighting
  1592 | D:3      | Reached skill level 5 in Armour
  1592 | D:3      | Reached XP level 6. HP: 25/51 MP: 6/6
  2558 | D:4      | Identified the +8 dagger of Mayhem {heavy, Fragile rElec
                  | Will+ Dex+4}
  2677 | D:4      | Found a staircase to the Ecumenical Temple.
  2728 | Temple   | Entered the Ecumenical Temple
  2728 | Temple   | Found a transporter.
  2728 | Temple   | Found a transporter.
  2730 | Temple   | Found a transporter.
  2730 | Temple   | Found a transporter.
  2742 | Temple   | Became a worshipper of Qazlal Stormbringer
  3090 | D:4      | Reached XP level 7. HP: 21/58 MP: 7/7
  3093 | D:4      | HP: 2/58 [orc priest/nerve-wracking pain (14)]
  3095 | D:4      | Slain by an orc priest

Illustrated notes

Levels and vault maps discovered:
D:1:      spicycebolla_arrival_risky_transporter, layout_loops_cross
D:2:      layout_basic, basic_ecumenical_altar, minmay_statues_item,
          uniq_terence
D:3:      layout_basic, grunt_decor_resistance, minmay_circle_x
D:4:      layout_loops_ring, marbit_many_paths, nicolae_overflow_hidden_temple,
          temple_statues
Temple:   hellmonk_temple_divided_pantheon

Skill      XL: |  1  2  3  4  5  6 |
---------------+-------------------+-----
Fighting       | 4 5 6 |  6.1
Armour         | 4 5 6 |  6.1
Axes           | |  2.0
Shields        | |  4.0

Action                     |  1- 3 |  4- 6 |  7- 9 || total
---------------------------+-------+-------+-------++-------
  Melee: War axe           |    86 |   150 |     2 ||   238
    Use: Scroll            |     4 |     4 |       ||     8
         Potion            |       |       |     3 ||     3
 Armour: Scale mail        |    66 |    81 |     3 ||   150
  Dodge: Dodged            |    48 |    67 |     1 ||   116
  Block: Buckler           |    24 |    37 |     2 ||    63
